 Dungeon Crawl Stone Soup version 0.28.0 (webtiles) character file.

Game seed: 15476168141766478801

74 AmazingTV the Sneak (level 4, -1/23 HPs)
             Began as a Spriggan Brigand on June 28, 2022.
             Slain by a river rat (9 damage)
             ... on level 4 of the Dungeon.
             The game lasted 00:07:04 (2485 turns).

AmazingTV the Sneak (Spriggan Brigand)              Turns: 2485, Time: 00:07:04

Health: -1/23      AC:  3    Str:  7    XL:     4   Next: 9%
Magic:  5/5        EV: 16    Int: 12    God:
Gold:   161        SH:  0    Dex: 18    Spells: 3/3 levels left

rFire   . . .      SeeInvis +   a - +2 dagger
rCold   . . .      Faith    .   (no shield)
rNeg    + . .      Spirit   .   b - +0 robe
rPois   .          Reflect  .   (helmet restricted)
rElec   .          Harm     .   c - +0 cloak
rCorr   .          Rampage  .   (gloves unavailable)
Will    +++..      Clarity  +   (boots unavailable)
Stlth   ++++......              r - amulet of the Four Winds {rN+ Will+++ Clar}
HPRegen 0.07/turn               s - ring of flight
MPRegen 0.09/turn               (no ring)

@: flying, very quick
A: very small, no large weapons, unfitting armour, see invisible, speed 3
a: no special abilities


You were on level 4 of the Dungeon.
You visited 1 branch of the dungeon, and saw 4 of its levels.

You collected 161 gold pieces.

Inventory:

Hand Weapons
 a - a +2 dagger (weapon)
Missiles
 d - 9 poisoned darts (quivered)
 e - 2 curare-tipped darts
 f - 97 stones
 n - 26 sling bullets
Armour
 b - a +0 robe (worn)
 c - a +0 cloak (worn)
Jewellery
 g - a ring of ice
 r - the amulet of the Four Winds (around neck) {rN+ Will+++ Clar}
   (You found it on level 3 of the Dungeon)

   [amulet of nothing]

   rN:        It protects you from negative energy.
   Clar:      It protects you against confusion.
   Will:      It greatly increases your willpower.
 s - a ring of flight (left hand)
Scrolls
 h - a scroll of fear {unknown}
 j - a scroll of amnesia {unknown}
 k - 2 scrolls of identify
 l - 2 scrolls of enchant weapon {unknown}
 m - a scroll of holy word {unknown}
 q - a scroll of fog {unknown}
Potions
 i - a potion of curing {unknown}
 o - a potion of magic
 p - a potion of lignification {unknown}


   Skills:
 + Level 2.3 Fighting
 + Level 3.0 Short Blades
 + Level 2.8 Throwing
 - Level 1.3 Dodging
 + Level 6.5 Stealth


You had 3 spell levels left.
You didn't know any spells.
Your spell library was empty.

Dungeon Overview and Level Annotations

Branches:
Dungeon (4/15)
 Temple: D:4-7

Altars:
Cheibriados
Ru


Innate Abilities, Weirdness & Mutations

You are very small and have problems with some larger weapons.
You are too small for most types of armour.
You have supernaturally acute eyesight. (SInv)
You cover ground extremely quickly. (Speed+++)


Message History

It is a scroll of identify.
o - a potion of magic An ufetubus comes into view.
The ufetubus shouts!
You completely miss the ufetubus.
The ufetubus hits you but does no damage.
The ufetubus hits you.
You hit the ufetubus.
The ufetubus is heavily wounded.
The ufetubus barely misses you. The ufetubus hits you.
You hit the ufetubus.
The ufetubus is severely wounded.
The ufetubus barely misses you. The ufetubus hits you.
You closely miss the ufetubus.
The ufetubus is severely wounded.
The ufetubus hits you. The ufetubus completely misses you.
The ufetubus closely misses you. x2
You hit the ufetubus.
The ufetubus is almost dead.
The ufetubus barely misses you. The ufetubus misses you.
You hit the ufetubus.
You kill the ufetubus!
You have reached level 4!
You start resting.
You hear the slow rusting of a drain nearby.
A ball python comes into view.
An iguana comes into view.
The ball python hisses angrily. 2 river rats and 3 rats come into view.
You hit the ball python.
You kill the ball python!
You hit the rat.
You kill the rat!
The rat closely misses you.
You see here a rat corpse.
You hit the rat.
You kill the rat!
The river rat bites you!
The river rat twitches its whiskers.
The river rat bites you!
You die...

##..## #...# #.#.#
#.#.### #.#.#..
#.#.#.# #.#.#.#
#.#.#.#####
#@#.......#
##r###.###.#
#######l†.##.###.##
....................
..r.......##.###....
.......#####.# ##
.≈≈.... #.# r≈≈≈...
... #+#≈≈.. ###


You could see an iguana and a river rat.

Vanquished Creatures
  Jessica (D:2)
  An ufetubus (D:4)
  A worm (D:3)
  2 ball pythons
  A bat (D:1)
  5 endoplasms
  2 giant cockroaches
  2 goblins
  4 hobgoblins
  4 jackals (D:1)
  2 frilled lizards
  7 kobolds
  4 rats
36 creatures vanquished.

Notes
Turn   | Place    | Note
-------+----------+-------------------------------------------
     0 | D:1      | AmazingTV the Spriggan Brigand began the quest for the Orb.
     0 | D:1      | Reached XP level 1. HP: 10/10 MP: 2/2
   448 | D:1      | Reached skill level 6 in Stealth
   450 | D:1      | Reached XP level 2. HP: 14/15 MP: 3/3
  1145 | D:2      | Noticed Jessica
  1784 | D:2      | Reached XP level 3. HP: 18/18 MP: 4/4
  1826 | D:2      | Killed Jessica
  2024 | D:3      | Found Rarirr's Book Boutique.
  2065 | D:3      | Found the amulet of the Four Winds {rN+ Will+++ Clar}
  2291 | D:3      | Found a sacrificial altar of Ru.
  2291 | D:3      | Found a snail-covered altar of Cheibriados.
  2407 | D:4      | Reached XP level 4. HP: 13/23 MP: 5/5
  2485 | D:4      | Slain by a river rat

Illustrated notes

Levels and vault maps discovered:
D:1:      lightli_arrival_statue_moat, layout_loops_ring
D:2:      layout_rooms, uniq_jessica
D:3:      layout_rooms, gammafunk_temple_overflow_wave, serial_shops,
          nicolae_shop_competitors_out_of_business, minmay_ruptured
D:4:      layout_loops_ring, minmay_temple_entry_statues_fountains,
          portal_sewer_entry_e, ebering_ghost_rock_garden, hangedman_decor_push,
          minmay_unequal

Skill      XL: |  1  2  3 |
---------------+----------+-----
Stealth        | 6 |  6.5
Fighting       | 2 |  2.3
Short Blades   | 3 |  3.0
Throwing       | |  2.8
Dodging        | |  1.3

Action                   |  1- 3 |  4- 6 || total
-------------------------+-------+-------++-------
Melee: Dagger            |   110 |     3 ||   113
Throw: Dart              |     5 |       ||     5
  Use: Scroll            |     1 |       ||     1
 Stab: Sleeping          |     9 |       ||     9
Armor: Robe              |    10 |       ||    10
Dodge: Dodged            |    74 |     1 ||    75
